 Dungeon Crawl Stone Soup version 0.18.1-48-g4cf74bf (webtiles) character file.

16519 MTVSty1e the Fighter (level 12, -7/81 HPs)
             Began as a Gargoyle Fighter on Aug 8, 2016.
             Was the Champion of Okawaru.
             Killed from afar by a hellion (20 damage)
             ... with damnation
             ... on level 2 of the Abyss on Aug 14, 2016.
             The game lasted 00:36:59 (13071 turns).

MTVSty1e the Fighter (Gargoyle Fighter)            Turns: 13071, Time: 00:37:00

Health: -7/81      AC: 28    Str: 25      XL:     12   Next: 38%
Magic:  0/15       EV: 10    Int:  6 (7)  God:    Okawaru [******]
Gold:   776        SH: 11    Dex:  8 (9)  Spells: 0 memorised, 11 levels left

rFire  . . .     SeeInvis .     e - +2 war axe (chop)
rCold  + + +     Gourm    .     d - +2 scale mail {rC+}
rNeg   + . .     Faith    .     c - +0 shield
rPois  ∞         Spirit   .     (no helmet)
rElec  +         Dismiss  .     K - +1 cloak {MR+}
rCorr  +         Reflect  .     r - +0 pair of gloves
SustAt .         Harm     .     (no boots)
MR     +....                    (no amulet)
Stlth  ..........               S - +6 ring of protection
                                x - ring of ice

@: resistant, somewhat resistant to hostile enchantments, extremely unstealthy
A: deterioration 1, dopey 1, mutation resistance 1, negative energy resistance
1, electricity resistance, unbreathing, petrification resistance, rot immunity,
AC +8
a: Heroism, Finesse, Renounce Religion


You were on level 2 of the Abyss.
You worshipped Okawaru.
Okawaru was exalted by your worship.
You were not hungry.

You visited 1 branch of the dungeon, and saw 12 of its levels.
You visited the Abyss 1 time.
You also visited: Ossuary.

You collected 1096 gold pieces.
You spent 320 gold pieces at shops.

Inventory:

Hand Weapons
 a - a +1 war axe
 e - a +2 war axe of chopping (weapon)
Missiles
 J - 6 javelins of penetration (quivered)
Armour
 b - a +0 scale mail
 c - a +0 shield (worn)
 d - a +2 scale mail of cold resistance (worn)
 r - a +0 pair of gloves (worn)
 K - a +1 cloak of magic resistance (worn)
Jewellery
 x - a ring of ice (left hand)
 E - an uncursed ring of positive energy
 S - a +6 ring of protection (right hand)
Wands
 y - a wand of flame (26/48)
 C - a wand of digging (14/24)
 D - a wand of confusion (21/48)
 F - a wand of iceblast (8/15)
 I - a wand of flame (20/48)
 N - a wand of heal wounds (2/9)
Scrolls
 g - 2 scrolls of enchant armour
 m - 5 scrolls of recharging
 p - a scroll of identify
 q - a scroll of amnesia
 t - a scroll of noise
 v - 8 scrolls of remove curse
 w - 4 scrolls of teleportation
 H - 2 scrolls of fear
 P - a scroll of brand weapon
 R - a scroll of magic mapping {unknown}
 T - a scroll of fog {unknown}
Potions
 h - 5 potions of cancellation
 i - 2 potions of invisibility {unknown}
 j - 4 potions of heal wounds
 k - a potion of magic {unknown}
 l - 3 potions of lignification
 n - 5 potions of curing
 o - a potion of berserk rage {unknown}
 s - 2 potions of resistance
 z - 2 potions of agility {unknown}
 A - 2 potions of degeneration {unknown}
 B - a potion of cure mutation {unknown}
 G - 2 potions of brilliance {unknown}
 L - 2 potions of mutation {unknown}
 M - a potion of might
 O - 3 potions of flight {unknown}
Books
 u - a book of Spatial Translocations

   Spells                             Type                      Level
   a - Apportation                    Translocation                1
   b - Blink                          Translocation                2
   c - Shroud of Golubria             Charms/Translocation         2
   d - Portal Projectile              Translocation                3
   e - Teleport Other                 Translocation                3
   f - Passage of Golubria            Translocation                4
Comestibles
 f - 10 bread rations
 Q - a beef jerky
 U - 4 meat rations
 V - a slice of pizza


   Skills:
 * Level 11.8 Fighting
 * Level 10.0 Axes
 + Level 8.7 Armour
 + Level 6.2 Dodging
 + Level 8.4 Shields
 - Level 4.0 Invocations


You had 11 spell levels left.
You didn't know any spells.

Dungeon Overview and Level Annotations

Branches:
Dungeon (12/15)            Temple (0/1) D:5            Lair (0/8) D:11
    Orc (0/2) D:9

Altars:
Ashenzari
Cheibriados
Dithmenos
Elyvilon
Fedhas
Gozag
Kikubaaqudgha
Nemelex Xobeh
Okawaru
Pakellas
Qazlal
Ru
Sif Muna
Trog
Yredelemnul
The Shining One

Shops:
D:8 !?   D:9 [   D:10 ?

Annotations:
D:12 Sonja


Innate Abilities, Weirdness & Mutations

You are resistant to torment.
Your stone body is resilient (AC +8).
You are immune to poison.
You resist negative energy.
You are resistant to electric shocks.
You can survive without breathing.
You are immune to petrification.
You are immune to rotting.
Your body sometimes deteriorates upon taking damage.
You are dopey. (Int -2)
You are somewhat resistant to further mutation.


Message History

The hellion gives a hideous shriek!
Found a small moonstone ring.
The hellion gestures at you.
The damnation unfurls!
The damnation engulfs you!
Your body deteriorates!
You feel clumsy.
You hear a bark!
You hear a chilling moan.
The hellion gestures at you.
The damnation unfurls!
The damnation engulfs you!
Your body deteriorates!
You feel dopey.
The damnation engulfs something.
Something hits you!
* * * LOW HITPOINT WARNING * * *
You feel your power leaking away.
Deactivating autopickup; reactivate with Ctrl-A.
Drink which item? (? for menu, Esc to quit)
You feel much better. Something hits you!!
* * * LOW HITPOINT WARNING * * *
You feel your power leaking away. The hellion gestures at you.
The damnation unfurls!
The damnation engulfs you!
You die...

#. #.. .# .##..#
. ..... .### #
=... ... # .##.
#..# ..##.#
#...##..##......
#.........2..#..
.#....{@......# #
###..##..##..##.#
#. ..#.##..## .#
#...#..........#
#............#
##..##..##..##
#.#...##..# ..# #
#.##....## #.. #
#.#.....# ..


You could see a hellion.

Vanquished Creatures
  Erolcha (D:8)
  2 centaur warriors
  An anaconda zombie (Abyss:2)
  5 hill giants
  An ugly thing (D:11)
  A griffon (D:8)
  A cyclops (D:12)
  A smoke demon (Abyss:2)
  Maurice (D:11)
  A gargoyle (D:11)
  The ghost of torvon the Charmwright, an amateur MfSk of Yredelemnul (D:4)
  2 trolls (D:11)
  A merfolk (D:9)
  2 two-headed ogres (D:11)
  2 ynoxinuls (Abyss:2)
  A wyvern (D:8)
  3 hungry ghosts
  6 hippogriffs
  An insubstantial wisp (Abyss:2)
  A soldier ant (D:11)
  4 orc warriors
  4 sky beasts
  A wasp (D:10)
  2 black bears
  2 ice beasts (D:7)
  3 necrophages
  An eye of draining (D:8)
  2 phantoms (D:9)
  7 ogres
  4 centaurs
  An elf zombie (Ossuary)
  A big kobold (D:11)
  11 giant frogs
  3 scorpions
  6 killer bees
  4 wights (D:12)
  9 howler monkeys
  4 crimson imps
  2 centaur zombies
  A wasp zombie (D:9)
  3 giant frog zombies
  8 hounds
  6 orc priests
  A jelly (D:5)
  2 centaur skeletons
  A giant frog skeleton (D:9)
  Natasha (thrice) (D:2)
  4 iguanas
  14 orc wizards
  4 worker ants
  A killer bee zombie (D:7)
  A big kobold zombie (Ossuary)
  2 mummies (Ossuary)
  A worker ant zombie (D:7)
  10 gnolls
  15 adders
  2 shadow imps
  An ooze (D:1)
  2 adder zombies
  3 adder skeletons
  3 worms
  A dart slug (D:1)
  6 giant geckos
  34 orcs
  A ball python (D:3)
  2 bat zombies (D:9)
  3 giant cockroaches
  5 goblins
  12 hobgoblins
  12 jackals
  2 quokkas
  9 bats
  A giant gecko skeleton (D:8)
  8 giant newts
  A goblin zombie (Ossuary)
  11 hobgoblin zombies (Ossuary)
  4 jackal zombies (Ossuary)
  14 kobolds
  13 kobold zombies (Ossuary)
  3 orc zombies (Ossuary)
  A quokka skeleton (D:6)
  4 rats
  2 rat zombies
343 creatures vanquished.

Notes
Turn   | Place    | Note
--------------------------------------------------------------
     0 | D:1      | MTVSty1e the Gargoyle Fighter began the quest for the Orb.
     0 | D:1      | Reached XP level 1. HP: 14/14 MP: 1/1
    55 | D:1      | Reached XP level 2. HP: 16/19 MP: 2/2
    79 | D:1      | Found a sparkling altar of Nemelex Xobeh.
   205 | D:1      | Reached XP level 3. HP: 24/24 MP: 3/3
   448 | D:2      | Found a shadowy altar of Dithmenos.
   689 | D:2      | Reached skill level 1 in Dodging
   903 | D:2      | Noticed Natasha
   910 | D:2      | Reached XP level 4. HP: 22/29 MP: 4/4
   914 | D:2      | Killed Natasha
   914 | D:2      | Reached skill level 4 in Fighting
  1157 | D:2      | Found an oddly glowing altar of Pakellas.
  1690 | D:2      | Noticed Natasha
  1698 | D:2      | Killed Natasha
  1698 | D:2      | Reached XP level 5. HP: 24/34 MP: 5/5
  2006 | D:2      | Noticed Natasha
  2018 | D:2      | Killed Natasha
  2261 | D:3      | Found a snail-covered altar of Cheibriados.
  2281 | D:3      | Found a bloodstained altar of Trog.
  2401 | D:3      | Found an iron altar of Okawaru.
  2411 | D:3      | Became a worshipper of Warmaster Okawaru
  2580 | D:3      | Reached skill level 5 in Fighting
  2884 | D:3      | Reached XP level 6. HP: 30/40 MP: 6/6
  3078 | D:4      | Noticed torvon's ghost (amateur MfSk)
  3301 | D:4      | Killed torvon's ghost
  3301 | D:4      | Reached XP level 7. HP: 33/44 MP: 7/7
  3499 | D:4      | Found a blossoming altar of Fedhas.
  3521 | D:4      | Reached * piety under Okawaru
  3613 | D:4      | Found a sacrificial altar of Ru.
  4095 | D:5      | Entered Level 5 of the Dungeon
  4127 | D:5      | Reached skill level 6 in Fighting
  4193 | D:5      | Found an opulent altar of Gozag.
  4215 | D:5      | Found a glowing golden altar of the Shining One.
  4342 | D:5      | Reached skill level 1 in Invocations
  4342 | D:5      | Reached XP level 8. HP: 40/51 MP: 5/8
  4359 | D:5      | Found a stormy altar of Qazlal.
  4713 | D:5      | Found a white marble altar of Elyvilon.
  4721 | D:5      | Found a staircase to the Ecumenical Temple.
  4733 | D:5      | Reached skill level 5 in Axes
  4925 | D:5      | Reached skill level 5 in Armour
  5167 | D:6      | Reached ** piety under Okawaru
  5319 | D:6      | Found a sand-covered staircase.
  5324 | Ossuary  | Entered an ossuary
  5475 | Ossuary  | Reached skill level 5 in Shields
  5582 | Ossuary  | Reached skill level 7 in Fighting
  5772 | D:6      | Reached XP level 9. HP: 43/57 MP: 9/11
  6364 | D:7      | Reached *** piety under Okawaru
  6405 | D:7      | Found a stormy altar of Qazlal.
  6503 | D:7      | Reached skill level 8 in Fighting
  6525 | D:7      | Found a basalt altar of Yredelemnul.
  6878 | D:8      | Noticed Erolcha
  6902 | D:8      | Killed Erolcha
  6902 | D:8      | Received a gift from Okawaru
  6902 | D:8      | Reached **** piety under Okawaru
  6902 | D:8      | Reached XP level 10. HP: 46/65 MP: 13/13
  7033 | D:8      | Found Zihuxe's Magic Scroll Emporium.
  7067 | D:8      | Gained mutation: Your body sometimes deteriorates upon taking damage. [mutagenic meat]
  7068 | D:8      | Gained mutation: You are somewhat resistant to further mutation. [mutagenic meat]
  7069 | D:8      | Gained mutation: You are dopey. (Int -2) [mutagenic meat]
  7149 | D:8      | Reached skill level 9 in Fighting
  7380 | D:8      | Noticed a centaur warrior
  7401 | D:8      | Killed a centaur warrior
  7401 | D:8      | Reached ***** piety under Okawaru
  7625 | D:8      | Found a deep blue altar of Sif Muna.
  7667 | D:8      | Found Selaufing's Distillery.
  7856 | D:8      | Noticed a griffon
  7870 | D:8      | Killed a griffon
  7991 | D:8      | Noticed a hill giant
  7998 | D:8      | Killed a hill giant
  7998 | D:8      | Reached XP level 11. HP: 37/72 MP: 11/14
  8176 | D:9      | Found a shattered altar of Ashenzari.
  8197 | D:9      | Reached skill level 10 in Fighting
  8296 | D:9      | Found an ancient bone altar of Kikubaaqudgha.
  8367 | D:9      | Reached skill level 5 in Dodging
  8721 | D:9      | Received a gift from Okawaru
  8723 | D:9      | Found a staircase to the Orcish Mines.
  8805 | D:9      | Found Hikisim's Armour Shoppe.
  9494 | D:10     | Entered Level 10 of the Dungeon
  9494 | D:10     | Noticed a hill giant
  9494 | D:10     | Noticed a hill giant
  9498 | D:10     | Noticed a hill giant
  9508 | D:9      | Killed a hill giant
 10340 | D:10     | Killed a hill giant
 10549 | D:10     | Killed a hill giant
 10780 | D:10     | Found an oddly glowing altar of Pakellas.
 10810 | D:10     | Found Cawext's Magic Scroll Emporium.
 10818 | D:10     | Bought a scroll of brand weapon for 320 gold pieces
 11850 | D:11     | Reached skill level 11 in Fighting
 11869 | D:11     | Noticed Maurice
 11943 | D:11     | Killed Maurice
 12153 | D:11     | Found a staircase to the Lair.
 12155 | D:11     | Noticed a hill giant
 12157 | D:11     | Reached ****** piety under Okawaru
 12174 | D:11     | Killed a hill giant
 12263 | D:11     | Reached XP level 12. HP: 80/80 MP: 15/15
 12634 | D:11     | Noticed a centaur warrior
 12651 | D:11     | Killed a centaur warrior
 12651 | D:11     | Received a gift from Okawaru
 12942 | D:12     | Noticed Sonja
 12949 | D:12     | Cast into level 1 of the Abyss (Sonja)
 12953 | Abyss:1  | Found a corrupted altar of Lugonu.
 12966 | Abyss:1  | Noticed a brown very ugly thing
 12966 | Abyss:1  | Noticed a brown very ugly thing
 12966 | Abyss:1  | Noticed a brown very ugly thing
 12966 | Abyss:1  | Noticed a brown very ugly thing
 12966 | Abyss:1  | Noticed a brown very ugly thing
 12966 | Abyss:1  | Noticed a brown very ugly thing
 12989 | Abyss:2  | Found a corrupted altar of Lugonu.
 13048 | Abyss:2  | Reached skill level 10 in Axes
 13071 | Abyss:2  | Killed from afar by a hellion

Skill      XL: |  1  2  3  4  5  6  7  8  9 10 11 12 |
---------------+-------------------------------------+-----
Axes           | 2 3 4 5 7 8 9 10 | 10.0
Dodging        | 1 2 3 4 5 6 |  6.2
Fighting       | 4 5 6 7 8 9 11 | 11.8
Armour         | 4 5 6 7 8 |  8.7
Shields        | 4 5 6 7 8 |  8.4
Invocations    | 1 2 4 |  4.0

Action                   |  1- 3 |  4- 6 |  7- 9 | 10-12 || total
-------------------------+-------+-------+-------+-------++-------
Melee: War axe           |   120 |   235 |   439 |   642 ||  1436
Invok: Heroism           |       |       |     1 |     2 ||     3
Evoke: Wand              |       |       |     1 |       ||     1
  Use: Scroll            |       |     5 |     4 |     5 ||    14
       Potion            |       |     4 |     5 |     6 ||    15
  Eat: Bread ration      |       |     1 |     1 |     3 ||     5
       Chunk             |       |     1 |       |     3 ||     4
       Royal jelly       |       |     1 |       |     1 ||     2
       Meat ration       |       |     1 |     1 |     3 ||     5
       Beef jerky        |       |       |     2 |       ||     2
       Fruit             |       |       |       |     2 ||     2
       Pizza             |       |       |       |     1 ||     1
Armor: Scale mail        |    57 |   138 |   227 |   341 ||   763
Dodge: Dodged            |    52 |    69 |   151 |   230 ||   502
Block: Shield            |    76 |   114 |   234 |   373 ||   797
